 Dungeon Crawl Stone Soup version 0.18-a0-900-gbbf5c82 (webtiles) character file.

210 dvd the Chiller (level 5, -4/31 HPs)
             Began as an Octopode Ice Elementalist on Dec 24, 2015.
             Was an Initiate of Cheibriados.
             Splashed by a jelly's acid (10 damage)
             ... on level 5 of the Dungeon.
             The game lasted 00:13:38 (3462 turns).

dvd the Chiller (Octopode Ice Elementalist)         Turns: 3462, Time: 00:13:39

Health: -4/31      AC: -7    Str:  9    XL:     5   Next: 87%
Magic:  4/9        EV: 12    Int: 19    God:    Cheibriados [......]
Gold:   186        SH:  0    Dex: 13    Spells: 3 memorised, 4 levels left

rFire  . . .     SeeInvis .     c - +0 whip (elec)
rCold  . . .     Gourm    .     (no shield)
rNeg   . . .     Faith    .     (helmet restricted)
rPois  .         Spirit   .     (no amulet)
rElec  .         Dismiss  .     (no ring)
rCorr  .         Reflect  .     (no ring)
SustAt .         Harm     .     (no ring)
MR     .....                    (no ring)
Stlth  +++.......               (no ring)
                                (no ring)
                                (no ring)
                                (no ring)

@: corroded equipment, slow, not resistant to hostile enchantments, fairly
stealthy
A: almost no armour, amphibious, 8 rings, constrict 8, camouflage 1, gelatinous
body 1
a: Bend Time, Renounce Religion


You were on level 5 of the Dungeon.
You worshipped Cheibriados.
Cheibriados was noncommittal.
You were not hungry.

You visited 2 branches of the dungeon, and saw 6 of its levels.

You collected 186 gold pieces.

Inventory:

Hand Weapons
 a - a +0 falchion
 b - a +0 hunting sling
 c - a +0 whip of electrocution (weapon)
 e - a +0 dagger
 v - a +0 short sword
 z - a +2 antimagic war axe
Missiles
 q - a tomahawk (quivered)
 w - 69 stones
Scrolls
 f - 6 scrolls of identify {unknown}
 h - 2 scrolls of remove curse {unknown}
 i - 2 scrolls of teleportation {unknown}
 l - 2 scrolls of noise {unknown}
 m - 2 scrolls of blinking {unknown}
 p - a scroll of immolation {unknown}
 t - a scroll of enchant weapon {unknown}
Potions
 d - 4 potions of brilliance {unknown}
 g - 2 potions of cancellation {unknown}
 j - a potion of curing {unknown}
 n - 3 potions of heal wounds {unknown}
 o - 2 potions of might {unknown}
 x - a potion of magic {unknown}
 y - a potion of degeneration {unknown}
Books
 r - a book of Frost

   Spells                             Type                      Level
   a - Freeze                         Ice                          1
   b - Throw Frost                    Conjuration/Ice              2
   c - Ozocubu's Armour               Charms/Ice                   3
   d - Throw Icicle                   Conjuration/Ice              4
   e - Summon Ice Beast               Ice/Summoning                4
   f - Condensation Shield            Ice                          4
Comestibles
 k - 2 meat rations
 s - a bread ration
 u - a royal jelly
 A - 5 chunks of flesh


   Skills:
 + Level 0.2 Long Blades
 + Level 0.6(1.1) Slings
 + Level 1.3(1.4) Throwing
 + Level 2.4 Dodging
 + Level 3.1 Stealth
 + Level 3.3 Spellcasting
 + Level 1.6 Conjurations
 + Level 4.5 Ice Magic


You had 4 spell levels left.
You knew the following spells:

 Your Spells              Type           Power        Failure   Level  Hunger
a - Freeze                Ice            ###.         2%          1    None
b - Throw Frost           Conj/Ice       ##....       10%         2    ##.....
c - Ozocubu's Armour      Chrm/Ice       ##......     17%         3    ###....


Dungeon Overview and Level Annotations

Branches:
Dungeon (6/15)             Temple (1/1) D:6

Altars:
Ashenzari
Cheibriados
Dithmenos
Elyvilon
Gozag
Makhleb
Nemelex Xobeh
Okawaru
Qazlal
Ru
Sif Muna
Trog
Vehumet
Xom
Yredelemnul
Zin
The Shining One


Innate Abilities, Weirdness & Mutations

You cannot wear most types of armour.
You are amphibious.
You can wear up to eight rings at the same time.
You can use your tentacles to constrict eight enemies at once.
Your skin changes colour to match your surroundings (Stealth).
Your rubbery body absorbs attacks (AC +1).


Message History

You now have 186 gold pieces (gained 10).
A jelly comes into view.
You hit the jelly.
Your tentacles burn!
You squeeze the jelly.
The jelly is lightly wounded.
The jelly hits you.
You are splashed with acid!
The acid burns!
Casting: Freeze
Confirm with . or Enter, or press ? or * to list all spells.
Aiming: Freeze
Press: ? - help, Shift-Dir - straight line, f - jelly
Aim: a jelly (lightly wounded)
You freeze the jelly.
The jelly is heavily wounded.
The jelly hits you.
You are splashed with acid!
The acid corrodes you!
The acid burns!
* * * LOW HITPOINT WARNING * * *
The jelly completely misses you. The jelly hits you.
* * * LOW HITPOINT WARNING * * *
You are splashed with acid!
The acid corrodes you!
The acid burns!
You die...

..#.# ###.# ##.# #..#
#.## #.# ### #.# ##.##
#.# ########.#.##
#.########.....@J###.#
#..........######รท#.##
############ ##.## #.#
#.. ####


You could see a jelly.

Vanquished Creatures
  A vampire bat (D:3)
  Terence (D:2)
  A worker ant (D:5)
  4 adders
  2 oozes (D:1)
  An orc (D:5)
  A ball python (D:1)
  4 hobgoblins
  10 jackals
  17 kobolds
  15 bats
  3 giant geckos
  3 giant newts
  2 goblins (D:2)
  2 quokkas
  8 rats
  A butterfly (D:6)
76 creatures vanquished.

Notes
Turn   | Place    | Note
--------------------------------------------------------------
     0 | D:1      | dvd the Octopode Ice Elementalist began the quest for the Orb.
     0 | D:1      | Reached XP level 1. HP: 11/11 MP: 3/3
   226 | D:1      | Reached XP level 2. HP: 17/17 MP: 5/5
   230 | D:1      | Learned a level 2 spell: Throw Frost
   564 | D:1      | Reached XP level 3. HP: 21/21 MP: 3/6
   787 | D:1      | Learned a level 3 spell: Ozocubu's Armour
   917 | D:2      | Reached skill level 1 in Throwing
  1476 | D:2      | Noticed Terence
  1485 | D:2      | Killed Terence
  1485 | D:2      | Reached XP level 4. HP: 15/27 MP: 0/7
  2241 | D:3      | Reached skill level 4 in Ice Magic
  2400 | D:3      | Reached XP level 5. HP: 29/31 MP: 4/9
  2693 | D:3      | Found a stormy altar of Qazlal.
  2768 | D:3      | You fall through a shaft for 3 floors!
  2768 | D:6      | Found a staircase to the Ecumenical Temple.
  2769 | D:6      | Noticed a phantom
  2788 | Temple   | Entered the Ecumenical Temple
  2809 | Temple   | Became a worshipper of Cheibriados the Contemplative
  2996 | D:5      | Entered Level 5 of the Dungeon
  3462 | D:5      | Splashed by a jelly's acid

Vault maps used:
D:1:      eino_arrival_water_star
D:2:      uniq_terence
D:3:      old_standard_altar, roderic_batcave
D:5:      first_bread, uniq_pikel
D:6:      minmay_temple_entry_butterflies
Temple:   nicolae_temple_elliptical

Action                   |  1- 3 |  4- 6 || total
-------------------------+-------+-------++-------
Melee: Dagger            |    10 |     2 ||    12
       Short sword       |     3 |       ||     3
       Falchion          |       |     1 ||     1
       Whip              |       |     8 ||     8
 Fire: Hunting sling     |       |    37 ||    37
Throw: Tomahawk          |    37 |     1 ||    38
       Stone             |       |     2 ||     2
 Cast: Freeze            |    19 |    22 ||    41
       Throw Frost       |    13 |    17 ||    30
       Ozocubu's Armour  |     2 |       ||     2
 Stab: Sleeping          |     4 |     3 ||     7
  Eat: Chunk             |     3 |     7 ||    10
